 Dungeon Sprint DCSS version 0.29-a0-613-gf2c431b9b9 (webtiles) character file.

Game seed: 16769353885031658756

370 mhtbhm the Summoner (level 6, -2/32 HPs)
             Began as a Tengu Summoner on June 16, 2022.
             Was an Initiate of Gozag.
             Killed by an exploding themself (34 damage)
             ... ignited by their inner flame
             ... in the Dungeon (Sprint VII: "The Pits").
             The game lasted 00:02:39 (545 turns).

mhtbhm the Summoner (Tengu Summoner)                 Turns: 545, Time: 00:02:41

Health: -2/32      AC:  2    Str:  9    XL:     6   Next: 70%
Magic:  11/16      EV: 16    Int: 17    God:    Gozag
Gold:   423        SH:  0    Dex: 14    Spells: 9/18 levels left

rFire   . . .      SeeInvis .   (no weapon)
rCold   . . .      Faith    .   (no shield)
rNeg    . . .      Spirit   .   a - +0 robe
rPois   .          Reflect  .   (helmet restricted)
rElec   .          Harm     .   (no cloak)
rCorr   .          Rampage  .   (no gloves)
Will    .....      NoTele   +   (boots unavailable)
Stlth   ++........              (no amulet)
HPRegen 0.10/turn               (no ring)
MPRegen 0.15/turn               (no ring)

@: gold aura, flying quickly and evasively, quick
A: beak, talons 3, nimble flight
a: Renounce Religion, Potion Petition, Call Merchant, Bribe Branch


You were in the Dungeon.
You worshipped Gozag.
Gozag was aware of your devotion.
You visited 1 branch You collected 423 gold pieces.

Inventory:

Armour
 a - a +0 robe (worn)
Scrolls
 g - a scroll of blinking
 i - 5 scrolls of amnesia
 j - a scroll of summoning
Potions
 b - 4 potions of magic
 c - 6 potions of curing
 d - 6 potions of heal wounds
 e - a potion of haste
 f - 2 potions of berserk rage
 h - 2 potions of invisibility


   Skills:
 + Level 3.8 Dodging
 + Level 3.6 Stealth
 + Level 0.5 Unarmed Combat
 + Level 6.7 Spellcasting
 + Level 0.7 Hexes
 + Level 13.8 Summonings


You had 9 spell levels left.
You knew the following spells:

 Your Spells              Type           Power      Damage    Failure   Level
a - Summon Small Mammal   Summ           100%       N/A       1%          1
b - Call Imp              Summ           51%        N/A       1%          2
c - Call Canine Familiar  Summ           51%        N/A       1%          3
d - Summon Guardian Gole  Hex/Summ       30%        N/A       1%          3

Your spell library contained the following spells:

 Spells                   Type           Power      Damage    Failure   Level
 Summon Lightning Spire   Summ/Air       29%        N/A       7%          4


Dungeon Overview and Level Annotations

Branches:
Dungeon (1/1)

Altars:
Ashenzari
Cheibriados
Dithmenos
Elyvilon
Fedhas
Gozag
Hepliaklqana
Kikubaaqudgha
Makhleb
Nemelex Xobeh
Okawaru
Qazlal
Ru
Sif Muna
Trog
Uskayaw
Vehumet
Wu Jian
Xom
Yredelemnul
Zin
The Shining One
Beogh
Jiyva
Lugonu


Innate Abilities, Weirdness & Mutations

You have a beak for a mouth.
You have claws for feet.
Your magical nature lets you fly swiftly and evasively.


Message History

There is an open door here.
You reach down and close the door.
You start resting.
Magic restored.
You reach down and open the door.
Casting: Summon Guardian Golem (safe; 1% risk of failure)
Confirm with . or Enter, or press ? or * to list all spells.
A guardian golem appears, shielding your allies.
The quokka misses you.
Unknown command.
Casting: Summon Guardian Golem (safe; 1% risk of failure)
Confirm with . or Enter, or press ? or * to list all spells.
The quokka completely misses you.
You swap places.
The quokka misses you.
Your wolf bites the quokka.
You swap places.
Your wolf bites the quokka.
The quokka bites your guardian golem but does no damage.
Your wolf bites the quokka.
The quokka dies!
Your wolf closely misses the wight.
The wight hits your guardian golem with a +5 hand axe.
The wight closely misses your wolf.
Your wolf closely misses the wight. x2
The wight hits your guardian golem with a +5 hand axe!
The wight hits your wolf with a +5 hand axe.
Your wolf bites the wight.
Your wolf closely misses the wight.
The wight hits your guardian golem with a +5 hand axe!
The wight closely misses your wolf.
Your wolf bites the wight.
Your guardian golem overheats!
The wight hits your guardian golem with a +5 hand axe!
Flame seeps out of your guardian golem.
The wight hits your wolf with a +5 hand axe!
Your guardian golem disappears in a puff of smoke!
Your guardian golem explodes!
The fiery explosion engulfs the wight!!!
The wight is destroyed!
The fiery explosion engulfs your wolf! The fiery explosion engulfs you!!
Ouch! That really hurt!
You die...
Your body crumbles into a pile of gold.

############
#_________.#
#_________.#
#_______...#########
##########'##.......
#.?(.')))'.##......#
##########.##.......
#h○@........'.......
#§#####'#####......#
#.#.....#[[##.......
#.#.....#))#####'###
#.###'###))##.......
#.#.)...#))##.......
#.#.....#..##.......
#.####)##'###...<...
#r#........##.......


You could see a friendly wolf (summoned, sheltered).

Vanquished Creatures
  A scorpion (D)
1 creature vanquished.

Vanquished Creatures (collateral kills)
  A sky beast (D)
  A scorpion (D)
  2 orcs (D)
  A goblin (D)
  3 hobgoblins (D)
  A quokka (D)
  2 rats (D)
11 creatures vanquished.

Vanquished Creatures (others)
  4 wights (D)
  A quokka skeleton (D)
5 creatures vanquished.

Grand Total: 17 creatures vanquished

Notes
Turn   | Place    | Note
-------+----------+-------------------------------------------
     0 | D        | mhtbhm the Tengu Summoner began the quest for the Orb.
     0 | D        | Reached XP level 1. HP: 10/10 MP: 4/4
    13 | D        | Noticed a scorpion
    22 | D        | Killed a scorpion
    23 | D        | Reached skill level 9 in Summonings
    23 | D        | Reached XP level 2. HP: 15/15 MP: 2/6
    23 | D        | Reached XP level 3. HP: 19/19 MP: 2/8
    28 | D        | Found a bloodstained altar of Trog.
    28 | D        | Found a shimmering blue altar of Sif Muna.
    28 | D        | Found a viscous altar of Jiyva.
    28 | D        | Found a hazy altar of Hepliaklqana.
    28 | D        | Found an opulent altar of Gozag.
    29 | D        | Found a glowing golden altar of the Shining One.
    29 | D        | Found a glowing silver altar of Zin.
    29 | D        | Found a basalt altar of Yredelemnul.
    29 | D        | Found a shimmering altar of Xom.
    29 | D        | Found an ornate altar of the Wu Jian Council.
    29 | D        | Found a sacrificial altar of Ru.
    29 | D        | Found a stormy altar of Qazlal.
    29 | D        | Found an iron altar of Okawaru.
    29 | D        | Found a sparkling altar of Nemelex Xobeh.
    29 | D        | Found a burning altar of Makhleb.
    29 | D        | Found a blossoming altar of Fedhas.
    29 | D        | Found a white marble altar of Elyvilon.
    29 | D        | Found a shadowy altar of Dithmenos.
    29 | D        | Found a snail-covered altar of Cheibriados.
    32 | D        | Found a corrupted altar of Lugonu.
    32 | D        | Found a radiant altar of Vehumet.
    33 | D        | Found an ancient bone altar of Kikubaaqudgha.
    33 | D        | Found a hide-covered altar of Uskayaw.
    33 | D        | Found a broken altar of Ashenzari.
    36 | D        | Became a worshipper of Gozag Ym Sagoz the Greedy
    80 | D        | Learned a level 2 spell: Call Imp
    84 | D        | Learned a level 3 spell: Call Canine Familiar
    95 | D        | Reached XP level 4. HP: 24/24 MP: 3/9
   101 | D        | Noticed a scorpion
   113 | D        | Killed a scorpion
   114 | D        | Reached skill level 10 in Summonings
   114 | D        | Gained mutation: Your magical nature lets you fly swiftly
                  | and evasively. [Tengu growth]
   114 | D        | Reached XP level 5. HP: 28/28 MP: 0/11
   213 | D        | Learned a level 3 spell: Summon Guardian Golem
   447 | D        | Reached skill level 5 in Spellcasting
   447 | D        | Reached skill level 12 in Summonings
   453 | D        | Noticed a sky beast
   462 | D        | Killed a sky beast
   463 | D        | Reached skill level 13 in Summonings
   463 | D        | Reached XP level 6. HP: 32/32 MP: 11/16
   545 | D        | Killed by an exploding themself... ignited by their inner
                  | flame

Illustrated notes

Levels and vault maps discovered:
D:        pitsprint [storerooms_1, entrance_room_1, metal_vault_5, armoury_3,
          mini_pit_1, grid_room_1, main_hall_1, silver_pit, the_coven_1,
          the_vestibule_1, steel_vault_5, golden_pit, hallway_of_sentries,
          crystal_vault_4, iron_vault_1, final_vault]

Skill      XL: |  1  2  3  4  5 |
---------------+----------------+-----
Dodging        | 3 |  3.8
Summonings     | 9 10 13 | 13.8
Spellcasting   | 3 6 |  6.7
Stealth        | 3 |  3.6
Unarmed Combat | |  0.5
Hexes          | |  0.7

Action                   |  1- 3 |  4- 6 || total
-------------------------+-------+-------++-------
Melee: Unarmed           |     6 |       ||     6
       Kick              |     2 |       ||     2
 Cast: Summon Small Mamm |     4 |     5 ||     9
       Call Imp          |     1 |     3 ||     4
       Call Canine Famil |     1 |     5 ||     6
       Summon Guardian G |       |     5 ||     5
  Use: Potion            |     1 |     1 ||     2
Dodge: Dodged            |     1 |     4 ||     5

Table legend: (Time is in decaauts)
 A = Elapsed time spent in this place.
 B = Non-inter-level travel time spent in this place.
 C = Inter-level travel time spent in this place.
 D = Time resting spent in this place.
 E = Time spent auto-exploring this place.
 F = Levels seen in this place.
 G = Mean time per level.
                   A        B        C        D        E       F      G
               +--------+--------+--------+--------+--------+-----+--------+
         Total |    546 |    546 |      0 |    234 |      0 |   1 |  546.0 |
       Dungeon |    546 |    546 |      0 |    234 |      0 |   1 |  546.0 |
               +--------+--------+--------+--------+--------+-----+--------+

Top non-repeatable levels by time:
       D: 546 daAuts
